 Dungeon Crawl Stone Soup version 0.27.1 (webtiles) character file.

Game seed: 1424002614577244837

114 H0rd4k the Caller (level 4, 0/30 HPs)
             Began as a Barachi Summoner on Sept 1, 2021.
             Was an Initiate of Qazlal.
             Shot with an arrow by a centaur (12 damage)
             ... on level 5 of the Dungeon.
             The game lasted 00:06:51 (5293 turns).

H0rd4k the Caller (Barachi Summoner)                Turns: 5293, Time: 00:06:52

Health: 0/30       AC:  2    Str:  9    XL:     4   Next: 98%
Magic:  5/9        EV: 12    Int: 16    God:    Qazlal [......]
Gold:   142        SH:  0    Dex: 13    Spells: 2/10 levels left

rFire    . . .     SeeInvis .   (no weapon)
rCold    + + .     Faith    .   (no shield)
rNeg     . . .     Spirit   .   a - +0 robe
rPois    .         Reflect  .   (no helmet)
rElec    .         Harm     .   h - scarf {rC+ rF+}
rCorr    .         Rampage  .   (no gloves)
Will     .....                  (no boots)
Stlth    ++........             (no amulet)
HPRegen  0.10/turn              e - ring of ice
MPRegen  0.11/turn              (no ring)

@: slow
A: amphibious, slowness 1, strong legs 1, +LOS
a: Hop, Renounce Religion


You were on level 5 of the Dungeon.
You worshipped Qazlal.
Qazlal was noncommittal.
You visited 2 branches of the dungeon, and saw 6 of its levels.

You collected 142 gold pieces.

Inventory:

Hand Weapons
 l - a +2 long sword of holy wrath
Armour
 a - a +0 robe (worn)
 h - a scarf of resistance (worn)
Jewellery
 e - a ring of ice (left hand)
 q - a ring of fire
Wands
 g - a wand of iceblast (9)
Scrolls
 b - 2 scrolls of identify {unknown}
 f - a scroll of fog {unknown}
 j - a scroll of amnesia {unknown}
 n - 2 scrolls of blinking {unknown}
 o - a scroll of vulnerability {unknown}
 p - a scroll of enchant weapon {unknown}
Potions
 c - 2 potions of resistance {unknown}
 d - 2 potions of brilliance {unknown}
 i - a potion of lignification {unknown}
 k - a potion of might {unknown}
 m - 3 potions of attraction {unknown}


   Skills:
 + Level 2.2 Dodging
 - Level 1.7 Stealth
 + Level 3.7 Spellcasting
 + Level 6.3 Summonings
 * Level 0.1 Air Magic


You had 2 spell levels left.
You knew the following spells:

 Your Spells              Type           Power      Damage    Failure   Level
a - Summon Small Mammal   Summ           92%        N/A       1%          1
b - Call Canine Familiar  Summ           23%        N/A       3%          3
c - Summon Lightning Spi  Summ/Air       13%        N/A       43%         4

Your spell library contained the following spells:

 Spells                   Type           Power      Damage    Failure   Level
 Call Imp                 Summ           23%        N/A       1%          2
 Corpse Rot               Necr/Air       N/A        N/A       26%         2
 Summon Guardian Golem    Hex/Summ       13%        N/A       14%         3
 Ignite Poison            Fire/Tmut/Pois 3%         N/A       45%         3
 Mephitic Cloud           Conj/Pois/Air  3%         N/A       45%         3
 Dispel Undead            Necr           3%         3d7       86%         4
 Bolt of Magma            Conj/Fire/Erth 1%         4d4       99%         5
 Death Channel            Necr           1%         N/A       100%        6


Dungeon Overview and Level Annotations

Branches:
Dungeon (5/15)             Temple (1/1) D:4

Altars:
Ashenzari
Cheibriados
Dithmenos
Elyvilon
Gozag
Hepliaklqana
Kikubaaqudgha
Nemelex Xobeh
Okawaru
Qazlal
Ru
Sif Muna
Trog
Uskayaw
Yredelemnul

Shops:
D:3 (

Annotations:
D:3 3 runed translucent doors, exclusion: 3 doors, Squibie's ghost, amateur DjGl
D:4 Eustachio
D:5 exclusion: wyvern


Innate Abilities, Weirdness & Mutations

You are amphibious.
You cover ground slowly.
You can hop short distances.
You have an extended range of vision and can be seen from far away.


Message History

What are your orders? t - Croak!
Orders for allies: a - Attack new target. r - Retreat! s - Stop attacking. g - Guard the area. f - Follow me.
Anything else - Cancel.
Guard this area!
An arrow appears from out of your range of vision.
The arrow hits your hound! The arrow freezes your hound.
The centaur shoots an arrow.
The arrow hits you!
Okay, then.
What are your orders? t - Croak!
Orders for allies: a - Attack new target. r - Retreat! s - Stop attacking. g - Guard the area. f - Follow me.
Anything else - Cancel.
Guard this area!
The centaur hits your hound but does no damage.
The centaur kicks your hound.
Your hound closely misses the centaur.
The centaur wields a +0 shortbow of freezing.
It is covered in frost.
The centaur shoots an arrow.
The arrow hits your hound. The arrow freezes your hound.
Your hound bites the centaur.
The centaur shoots an arrow.
The arrow hits your hound! The arrow freezes your hound.
Your hound dies!
Your hound's corpse disappears in a puff of smoke!
Aiming: Iceblast
Press: ? - help, Shift-Dir - straight line, f - centaur
Aim: a centaur, wielding a +0 shortbow of freezing and quivering arrows (lightly wounded)
The mass of ice explodes!
The iceblast engulfs the centaur!
The centaur is moderately wounded.
The centaur shoots an arrow.
The arrow hits you! The arrow freezes you.
Aiming: Iceblast
Press: ? - help, Shift-Dir - straight line, f/p - centaur
Aim: a centaur, wielding a +0 shortbow of freezing and quivering arrows (moderately wounded)
The mass of ice explodes!
The iceblast engulfs the centaur!
The centaur is severely wounded.
The centaur shoots an arrow.
The arrow hits you!
You die...

#..........#######............
#.c..c.....# ####............
#..........####...............
#......#h...c.#.............##
#......######.#.....#########
######## #.#.....# #.#.....# #
#.#.....##########
#@+..............#
###.....########.# #.....# #.#
####### #.. ###


You could see a centaur.

Vanquished Creatures (collateral kills)
  A centaur skeleton (D:3)
  A hound (D:4)
  Robin (D:4)
  3 adders
  An ufetubus (D:4)
  An adder skeleton (D:4)
  4 worms
  5 dart slugs
  4 orcs
  7 endoplasms
  3 giant cockroaches
  10 goblins
  6 hobgoblins
  2 jackals (D:4)
  5 kobolds
  4 quokkas
  4 ball pythons
  7 bats
  4 frilled lizards
  3 rats
76 creatures vanquished.

Notes
Turn   | Place    | Note
-------+----------+-------------------------------------------
     0 | D:1      | H0rd4k the Barachi Summoner began the quest for the Orb.
     0 | D:1      | Reached XP level 1. HP: 13/13 MP: 3/3
    56 | D:1      | Reached skill level 5 in Summonings
   505 | D:1      | Reached XP level 2. HP: 17/19 MP: 0/5
  1537 | D:1      | Reached XP level 3. HP: 24/24 MP: 1/6
  1541 | D:1      | Learned a level 3 spell: Call Canine Familiar
  1897 | D:2      | Found a hide-covered altar of Uskayaw.
  2944 | D:3      | Noticed Squibie's ghost (amateur DjGl)
  2965 | D:3      | Found a runed translucent gate.
  2975 | D:3      | Found a runed translucent gate.
  2975 | D:3      | Found a runed translucent gate.
  3295 | D:3      | Reached XP level 4. HP: 30/30 MP: 6/9
  3532 | D:3      | Found Pemno's Weapon Shop.
  3824 | D:4      | Found a staircase to the Ecumenical Temple.
  3834 | Temple   | Entered the Ecumenical Temple
  3913 | Temple   | Became a worshipper of Qazlal Stormbringer
  3954 | D:4      | Noticed Eustachio
  4015 | D:4      | Reached skill level 6 in Summonings
  4196 | D:4      | Identified the +5 helmet of the Dwarven Hall {Will+}
  4196 | D:4      | Noticed Robin
  4207 | D:4      | Killed Robin
  4285 | D:4      | Learned a level 4 spell: Summon Lightning Spire
  5056 | D:4      | Found a snail-covered altar of Cheibriados.
  5147 | D:5      | Entered Level 5 of the Dungeon
  5174 | D:5      | Noticed a wyvern
  5264 | D:5      | Noticed a centaur
  5293 | D:5      | Shot with an arrow by a centaur

Illustrated notes

Levels and vault maps discovered:
D:1:      dpeg_arrival_central, layout_basic, minmay_statues_item
D:2:      layout_basic, basic_altar
D:3:      cheibrodos_old_hovel, layout_loops_ring, serial_shops, shop,
          gammafunk_ghost_icy
D:4:      layout_loops_cross, marbit_many_paths, minmay_temple_entry_large_hall,
          kennysheep_generic_room_6, uniq_robin, uniq_eustachio,
          uniq_crazy_yiuf_cottage
D:5:      layout_basic, fedhas_bush_and_centaur_altar, uniq_grinder,
          uniq_blork_the_orc, uniq_prince_ribbit1
Temple:   eino_temple_scatter_basement

Skill      XL: |  1  2  3  4 |
---------------+-------------+-----
Summonings     | 5 6 |  6.3
Spellcasting   | 3 |  3.7
Dodging        | |  2.2
Stealth        | |  1.7
Air Magic      | |  0.1

Action                   |  1- 3 |  4- 6 || total
-------------------------+-------+-------++-------
Melee: Unarmed           |    22 |       ||    22
 Cast: Summon Small Mamm |   123 |    28 ||   151
       Call Canine Famil |     5 |    15 ||    20
Evoke: Wand              |       |     2 ||     2
 Stab: Sleeping          |     1 |       ||     1
Armor: Robe              |    19 |     2 ||    21
Dodge: Dodged            |    46 |    11 ||    57
